 Dungeon Crawl Stone Soup version 0.24.0-123-gd5b16e6ec5 (webtiles) character file.

Game seed: 6022151968023255006, levelgen mode: deterministic

54 Gynju the Firebug (level 3, -1/19 HPs)
             Began as a Gargoyle Fire Elementalist on Feb 12, 2020.
             Slain by an adder (2 damage)
             ... on level 3 of the Dungeon.
             The game lasted 00:03:29 (1728 turns).

Gynju the Firebug (Gargoyle Fire Elementalist)      Turns: 1728, Time: 00:03:29

Health: -1/19      AC: 14    Str: 11    XL:     3   Next: 91%
Magic:  4/7        EV:  2    Int: 16    God:
Gold:   32         SH:  0    Dex: 10    Spells: 6/7 levels left

rFire    . . .     SeeInvis .   b - +0 mace
rCold    . . .     Gourm    .   (no shield)
rNeg     + . .     Faith    .   h - +0 plate armour
rPois    ∞         Spirit   .   (no helmet)
rElec    +         Reflect  .   (no cloak)
rCorr    .         Harm     .   m - +0 pair of gloves
MR       .....                  (no boots)
Stlth    ..........             (no amulet)
HPRegen  0.06/turn              (no ring)
MPRegen  0.10/turn              (no ring)

@: slightly contaminated
A: negative energy resistance 1, electricity resistance, unbreathing,
petrification resistance, rot immunity, AC +3
a: no special abilities


You were on level 3 of the Dungeon.
You were not hungry.

You visited 1 branch of the dungeon, and saw 3 of its levels.

You collected 32 gold pieces.

Inventory:

Hand Weapons
 a - a +1 hunting sling of freezing
 b - a +0 mace (weapon)
 i - a +0 hand axe
 k - a +0 club
Missiles
 p - 74 stones (quivered)
Armour
 h - a +0 plate armour (worn)
 m - a +0 pair of gloves (worn)
 o - a +0 robe
Scrolls
 e - 3 scrolls of identify {unknown}
 f - 2 scrolls of remove curse {unknown}
 l - a scroll of enchant armour {unknown}
 n - a scroll of blinking {unknown}
Potions
 g - a potion of lignification {unknown}
 j - a potion of invisibility {unknown}
Comestibles
 c - 4 rations


   Skills:
 - Level 1.5 Dodging
 - Level 2.1 Stealth
 + Level 2.7 Spellcasting
 + Level 2.4 Conjurations
 + Level 3.6 Fire Magic


You had 6 spell levels left.
You knew the following spells:

 Your Spells              Type           Power        Failure   Level  Hunger
a - Flame Tongue          Conj/Fire      ##...        100%        1    #......

Your spell library contained the following spells:

 Spells                   Type           Power        Failure   Level  Hunger
 Throw Flame              Conj/Fire      ##....       100%        2    ##.....
 Conjure Flame            Conj/Fire      ##......     100%        3    ###....
 Inner Flame              Hex/Fire       #.......     100%        3    ###....
 Sticky Flame             Conj/Fire      ##......     100%        4    #####..
 Fireball                 Conj/Fire      ##........   100%        5    ######.


Dungeon Overview and Level Annotations

Branches:
Dungeon (3/15)

Altars:
Okawaru
Trog


Innate Abilities, Weirdness & Mutations

You are resistant to torment.
Your stone body is resilient. (AC +3)
You are immune to poison.
You resist negative energy. (rN+)
You are resistant to electric shocks. (rElec)
You can survive without breathing.
You are immune to petrification.
You are immune to rotting.


Message History

The adder is severely wounded.
The adder bites you but does no damage.
You closely miss the adder.
The adder is severely wounded.
The adder barely misses you. The adder bites you but does no damage.
Your plate armour prevents you from hitting the adder.
The adder is severely wounded.
The adder barely misses you. The adder bites you but does no damage.
You closely miss the adder.
The adder is severely wounded.
The adder bites you but does no damage. x2
Your plate armour prevents you from hitting the adder.
The adder is severely wounded.
The adder bites you but does no damage. x2
You hit the adder.
The adder is almost dead.
The adder bites you.
* * * LOW HITPOINT WARNING * * *
The adder bites you.
You die...

#.# .. #.### ...
#.#.# #..# #.#.#
#..# #.#.# ...# #
...####.#.###..#
................#
.....####.#...###
......S@........##
....#####.#.###..##
. #.#...<...#
#+######...# ....#
###..# ..# ... .#


You could see an adder.

Vanquished Creatures
  A worker ant zombie (D:2)
  2 adders (D:2)
  2 leopard geckos (D:1)
  2 goblins
  2 hobgoblins (D:1)
  3 jackals (D:1)
  4 bats
  3 kobolds
  5 rats
24 creatures vanquished.

Notes
Turn   | Place    | Note
-------+----------+-------------------------------------------
     0 | D:1      | Gynju the Gargoyle Fire Elementalist began the quest for
                  | the Orb.
     0 | D:1      | Reached XP level 1. HP: 10/10 MP: 3/3
   272 | D:1      | Reached XP level 2. HP: 7/15 MP: 0/5
   758 | D:2      | Reached XP level 3. HP: 18/19 MP: 6/6
  1068 | D:2      | Found a bloodstained altar of Trog.
  1228 | D:2      | Found an iron altar of Okawaru.
  1728 | D:3      | Slain by an adder

Levels and vault maps discovered:
D:1:      lightli_arrival_maybe_door_vault, layout_basic
D:2:      layout_loops_cross, okawaru_trees_1, bloody_trog
D:3:      layout_basic, tso_metal_star, marbit_many_paths, lemuel_crystal_altar

Skill      XL: |  1  2 |
---------------+-------+-----
Conjurations   | 2 |  2.4
Dodging        | |  1.5
Stealth        | |  2.1
Spellcasting   | |  2.7
Fire Magic     | |  3.6

Action                   || total
-------------------------++-------
Melee: Unarmed           ||     9
       Club              ||    18
       Hand axe          ||    43
       Mace              ||    96
 Cast: Flame Tongue      ||    18
  Eat: Chunk             ||     3
Armor: Robe              ||    11
       Plate armour      ||   207
Dodge: Dodged            ||    53
